[Event "Early-Titled-Tuesday-Blitz-April-16-2024"]
[Site "Chess.com"]
[Date "2024.04.16"]
[Round "3"]
[White "NastyaHn"]
[Black "VacheH009"]
[Result "0-1"]
[WhiteElo "2473"]
[BlackElo "2647"]
[TimeControl "180+1"]
[EndTime "8:29:32 PDT"]
[Termination "VacheH009 won by resignation"]

1. Nc3 f5 2. e4 fxe4 3. Nxe4 Nf6 4. Nxf6+ exf6 5. Bc4 c6 6. d4 d5 7. Bd3 Be6 8. Ne2 Bd6 9. Bf4 O-O 10. O-O Bf7 11.
Bxd6 Qxd6 12. Ng3 g6 13. h4 h5 14. Qf3 Kg7 15. Rfe1 Nd7 16. Re2 Rae8 17. Rae1 Rxe2 18. Rxe2 Re8 19. Rxe8 Bxe8 20. c3 Nf8 21. b4 Ne6 22. Ne2 Bd7 23. Bc2 Kf7 24. Qe3 Ng7 25.
Ng3 Be8 26. Qh6 f5 27. Bxf5 Qf6 28. Bd3 Bd7 29. Qe3 Ne6 30. Qh6 Qg7 31. Qxg7+ Nxg7 32. Kf1 Ne8 33. Ne2 Nd6 34. g3 Bf5 35. Nf4 Bxd3+ 36. Nxd3 Ne4 37. Ne5+ Kg7 38. Ke2 Nxc3+ 39. Kd3 Nxa2 40. Nd7 Nxb4+ 41. Kc3 Na6 42. f4 Nc7 43. Nc5 b6 44. Nd7 Nb5+ 45. Kd3 Nd6 46. Ne5 c5 47.
Ke3 c4 48. Kd2 Nf5 49. Kc3 Nxg3 0-1

[Event "Early-Titled-Tuesday-Blitz-April-16-2024"]
[Site "Chess.com"]
[Date "2024.04.16"]
[Round "3"]
[White "Lily_Schirmbeck"]
[Black "Ariadna_Atreides"]
[Result "1/2-1/2"]
[WhiteElo "1482"]
[BlackElo "2193"]
[TimeControl "180+1"]
[EndTime "8:29:32 PDT"]
[Termination "Game drawn by repetition"]

1. e4 c6 2. d4 d5 3. e5 Bf5 4.
Nf3 e6 5. Nc3 a6 6. Bd3 Bxd3 7.
Qxd3 c5 8. Ne2 Nc6 9. c3 Qb6 10. O-O cxd4 11. cxd4 Rc8 12. Bd2 Bb4 13. Rac1 Bxd2 14.
Qxd2 Nge7 15. Rc3 O-O 16. Rfc1 f6 17. Qe3 Nf5 18. Qd3 fxe5 19. Nxe5 Qxb2 20. Nxc6 Rxc6 21. Rxc6 bxc6 22. f3 Qxa2 23. Rxc6 Qa1+ 24. Kf2 Qh1 25. Rxe6 Qxh2 26. Re5 Qh4+ 27. Kg1 Ng3 28. Nxg3 Qxg3 29.
Rxd5 Rb8 30. Qd1 Qg6 31. Rc5 a5 32. Qc1 Rb1 33. Rc8+ Kf7 34. Rc7+ Ke8 35. Rc8+ Kd7 36. Rc7+ Kd8 37. Rc8+ Kd7 38. Rc7+ Kd6 39. Rc6+ Kd5 40. Rc5+ Kd6 41. Rc6+ Kd5 42. Rc5+ Kxd4 43. Rc4+ Kd5 44. Rc5+ Kd6 45. Rc6+ Ke7 46. Rc7+ Kd6 47. Rc6+ Ke5 48. Rc5+ Kd4 49. Rc4+ Kd5 50. Rc5+ Ke6 51. Rc6+ Kd7 52.
Rc7+ Kd6 53. Rc6+ 1/2-1/2

[Event "Early-Titled-Tuesday-Blitz-April-16-2024"]
[Site "Chess.com"]
[Date "2024.04.16"]
[Round "3"]
[White "Chesstiger64"]
[Black "ChEsper99"]
[Result "0-1"]
[WhiteElo "2393"]
[BlackElo "2207"]
[TimeControl "180+1"]
[EndTime "8:29:32 PDT"]
[Termination "ChEsper99 won by checkmate"]

1. Nf3 Nf6 2. g3 b5 3. Bg2 Bb7 4. O-O c5 5. d3 e6 6. e4 Be7 7. Nbd2 O-O 8. e5 Nd5 9. Ne4 f5 10. exf6 Nxf6 11. Re1 Nxe4 12. dxe4 d5 13. exd5 exd5 14. Ne5 Bf6 15. a4 a6 16. axb5 axb5 17. Rxa8 Bxa8 18. c4 bxc4 19. Nxc4 Na6 20. Ne3 Nb4 21.
Ng4 d4 22. Bxa8 Qxa8 23. Bf4 Qd5 24. Be5 Bxe5 25. Rxe5 Qc4 26. Nh6+ gxh6 27. Qg4+ Kh8 28. Re7 Qc1+ 29. Kg2 Qg5 30. Qd7 Qd5+ 31. Qxd5 Nxd5 32. Re5 Rd8 33. Kf1 Kg7 34. Ke2 Kf6 35. f4 Rd6 36.
Kd2 Kg6 37. Kd3 Kf6 38. Kd2 Kf7 39. Kd3 Rd8 40. Kd2 Rd7 41. Kd3 Nb4+ 42. Kd2 Rd5 43. Re1 c4 44. Ra1 Nc6 45. Ra6 Rd6 46. Rb6 Ke6 47. Rb7 Rd7 48. Rb6 Kd5 49. Rb5+ Ke4 50.
Rh5 Rd6 51. h3 Nb4 52. Re5+ Kf3 53. f5 Nd5 54. g4 Nf6 55. Re7 Ne4+ 56. Kd1 d3 57.
Rxh7 d2 58. Re7 Nf2+ 59. Kc2 d1=Q+ 60. Kc3 Qd2+ 61. Kxc4 Rc6+ 62. Kb5 Qd5+ 63. Kb4 Rc4+ 64. Ka3 Qa5+ 65. Kb3 Qa4# 0-1

[Event "Early-Titled-Tuesday-Blitz-April-16-2024"]
[Site "Chess.com"]
[Date "2024.04.16"]
[Round "3"]
[White "Bilan_Danila"]
[Black "Heinza9"]
[Result "1-0"]
[WhiteElo "2530"]
[BlackElo "2318"]
[TimeControl "180+1"]
[EndTime "8:29:33 PDT"]
[Termination "Bilan_Danila won on time"]

1. d4 f5 2. Nf3 Nf6 3. g3 g6 4.
Bg2 Bg7 5. O-O O-O 6. c4 d6 7. Nc3 Qe8 8. d5 a5 9. Nd4 Na6 10. b3 Bd7 11. Bb2 c6 12. e4 fxe4 13. Qe2 Nc5 14. Rad1 Bg4 15. f3 exf3 16. Bxf3 Bxf3 17.
Rxf3 cxd5 18. cxd5 Qd7 19. Ba3 Nh5 20. Bxc5 dxc5 21.
Ne6 Rxf3 22. Qxf3 Bxc3 23. Qxc3 b6 24. g4 Nf6 25. g5 Nh5 26. Qf3 Qd6 27. Rf1 Nf4 28.
Qxf4 Qxf4 29. Nxf4 Rd8 30. Kg2 h6 31. h4 hxg5 32.
hxg5 Rd6 33. Kg3 b5 34. Rc1 c4 35. bxc4 bxc4 36. Rxc4 Rb6 37. Ra4 Rb5 38. Kf3 Kf7 39. Re4 Rb2 40. a4 Rb3+ 41. Kg4 Rb4 42. Rxb4 axb4 43. Nd3 b3 44. a5 Ke8 45. a6 Kd7 46. a7 1-0

[Event "Early-Titled-Tuesday-Blitz-April-16-2024"]
[Site "Chess.com"]
[Date "2024.04.16"]
[Round "3"]
[White "TigrVShlyape"]
[Black "Leo_C"]
[Result "1-0"]
[WhiteElo "2944"]
[BlackElo "2656"]
[TimeControl "180+1"]
[EndTime "8:29:34 PDT"]
[Termination "TigrVShlyape won on time"]

1. e4 c5 2. Nf3 d6 3. d4 cxd4 4.
Nxd4 Nf6 5. Nc3 a6 6. a4 g6 7. Be2 Bg7 8. O-O O-O 9. Be3 Nc6 10. Qd2 Bd7 11. Rfd1 Rc8 12. f3 Re8 13. Nxc6 Bxc6 14. a5 Nd7 15. Bd4 Ne5 16. Kh1 Qc7 17. Bb6 Qb8 18.
Ra2 Bd7 19. Nd5 Be6 20. b3 Bxd5 21. exd5 Nd7 22. Bd4 Bxd4 23. Qxd4 Nf6 24. c4 e5 25. dxe6 Rxe6 26. Bf1 Rce8 27. Rad2 h5 28. b4 Nh7 29. Qf4 Rf6 30. Qg3 Qc8 31. Rxd6 Qf5 32. Rxf6 Qxf6 33.
Qf2 Ng5 34. Qd4 Qe7 35. b5 Qb4 36. Qa1 Ne6 37. Rb1 Qc5 38. Re1 Rd8 39. Qb2 Rd6 40.
h3 Rd8 41. Re5 Qc7 42. b6 Qd6 43. Rd5 Qe7 44. Qe5 Rc8 45. Kh2 h4 46. Bd3 Rc6 47. Qb8+ Kg7 48. Qe5+ Kg8 49. Kh1 Qb4 50. Qe4 Qe7 51.
Re5 Qf6 52. Qe3 Rd6 53. Rd5 Rc6 54. Kh2 Nf4 55. Rd4 Ne6 56. Rd7 Rc5 57. Rxb7 Rg5 58. Rd7 Nf4 59. Bf1 1-0

[Event "Early-Titled-Tuesday-Blitz-April-16-2024"]
[Site "Chess.com"]
[Date "2024.04.16"]
[Round "3"]
[White "ajeale2"]
[Black "GatoRojo150"]
[Result "0-1"]
[WhiteElo "2427"]
[BlackElo "2611"]
[TimeControl "180+1"]
[EndTime "8:29:34 PDT"]
[Termination "GatoRojo150 won by checkmate"]

1. d4 d5 2. Bf4 c5 3. e3 Nc6 4. c3 Qb6 5. Qb3 c4 6. Qc2 e5 7.
dxe5 Bf5 8. Qxf5 Qxb2 9. Nf3 Nge7 10. Qg4 Qxa1 11. Nd2 h5 12. Qh3 Qxa2 13. e6 Qc2 14. exf7+ Kxf7 15. Be2 g6 16. O-O Bg7 17. e4 b5 18. Bd6 dxe4 19. Qh4 Nf5 20. Qf4 Bh6 21. Qxe4 Qxe4 22. Nxe4 Rhe8 23. Bf3 Rad8 24. Bc5 Ne5 25. Bd1 Nd3 26. Bf3 Rxe4 27. Bxe4 Nxc5 28. Bc6 a6 29. h3 Ne7 30. Bf3 Nd3 31. Na3 Ne5 32. Be4 Rd6 33. Nc2 Nf5 34. Ra1 Nd3 35. g4 hxg4 36. hxg4 Nh4 37. Nd4 Nc5 38. Bg2 Nb3 39. Re1 Nxd4 40. cxd4 Nxg2 41. Kxg2 Rxd4 42. Re5 Rxg4+ 43. Kf3 Rf4+ 44.
Kg2 Rf5 45. Re4 c3 46. Rd4 c2 47. Rd7+ Ke6 48. Rc7 c1=Q 49. Rxc1 Bxc1 50. f3 Rxf3 51. Kxf3 b4 52. Ke2 b3 53. Kd3 b2 54. Kc2 g5 55. Kb1 g4 56. Kc2 g3 57. Kb1 g2 58.
Kc2 g1=Q 59. Kb1 Qg6+ 60. Ka2 b1=Q# 0-1

[Event "Early-Titled-Tuesday-Blitz-April-16-2024"]
[Site "Chess.com"]
[Date "2024.04.16"]
[Round "3"]
[White "PawnEatingZombie"]
[Black "FlemingA"]
[Result "0-1"]
[WhiteElo "2239"]
[BlackElo "2437"]
[TimeControl "180+1"]
[EndTime "8:29:34 PDT"]
[Termination "FlemingA won by resignation"]

1. e4 e6 2. d4 d5 3. exd5 exd5 4. Bf4 Bd6 5. Qd2 Nf6 6. Nc3 O-O 7. O-O-O Bb4 8. f3 Nbd7 9. g4 Nb6 10. Nge2 Nc4 11. Qe1 c6 12. Qg3 Qa5 13. Bd2 Be6 14. Kb1 Nd7 15.
f4 Ndb6 16. f5 Bd7 17. Nc1 Nxd2+ 18. Rxd2 Bxc3 19. Qxc3 Qxc3 20. bxc3 g6 21. Bd3 Na4 22. c4 Rae8 23. cxd5 cxd5 24. Rf2 Re3 25. c4 Rc8 26. c5 b6 27. Rc2 bxc5 28. dxc5 Nxc5 29. Rd1 Ba4 30. Nb3 Bxb3 31. axb3 a5 32. Rdc1 Rxd3 33.
Rxc5 Rxb3+ 34. Ka2 Rxc5 35. Rxc5 Rb4 36. fxg6 hxg6 37.
Rxd5 Rxg4 38. Rxa5 Rg2+ 39. Kb3 Rxh2 40. Kc4 Rh4+ 41.
Kd3 Kg7 42. Ke3 Rb4 43. Kf3 Rb3+ 44. Kg4 Rb4+ 45. Kg3 f5 46. Ra6 Kh6 47. Ra5 Kg5 48. Kf2 Rb3 49. Ra4 f4 50. Rc4 Kg4 51. Rc8 g5 52.
Kg2 Rb2+ 53. Kf1 Kg3 54. Rc3+ f3 0-1

[Event "Early-Titled-Tuesday-Blitz-April-16-2024"]
[Site "Chess.com"]
[Date "2024.04.16"]
[Round "3"]
[White "azikom"]
[Black "mapleaff"]
[Result "1-0"]
[WhiteElo "2700"]
[BlackElo "2320"]
[TimeControl "180+1"]
[EndTime "8:29:34 PDT"]
[Termination "azikom won by resignation"]

1. c4 e5 2. Nc3 Nf6 3. e3 Nc6 4.
Nf3 Bb4 5. Qc2 Bxc3 6. bxc3 O-O 7. e4 d6 8. d3 h6 9. Be2 Ne7 10. Nd2 Ng6 11. Nf1 Nh7 12. Ne3 c6 13. O-O Nf4 14.
Bg4 Nf6 15. Bxc8 Qxc8 16. Nf5 Qd7 17. Bxf4 exf4 18. Qd2 g6 19. Nxh6+ Kg7 20. Qxf4 Rh8 21. Nf5+ gxf5 22. Qg5+ Kh7 23. Qxf6 fxe4 24. dxe4 Qe6 25. Qxe6 fxe6 26. Rad1 Rad8 27. Rd3 Rhg8 28. Rfd1 Rg5 29. Rxd6 Rxd6 30. Rxd6 Ra5 31. Rd7+ Kg6 32. Rxb7 Rxa2 33. h4 a5 34. Ra7 a4 35. g3 a3 36. Kg2 Kf6 37. Ra5 Ra1 38. Kf3 a2 39. Kf4 e5+ 40. Kg4 Rc1 41. Rxa2 Rxc3 42. Ra4 Rd3 43. Ra6 Rd6 44. f3 Kg6 45. c5 Re6 46. Ra8 Kg7 47. Rc8 Kh7 48. Rc7+ Kg6 49. h5+ Kf6 50. Kh4 Re8 51. Rxc6+ Kg7 52. Rd6 Rc8 53. c6 Kh7 54. g4 Kg7 55. g5 Kh7 56. Kg4 Kg7 57.
Rd7+ Kg8 58. c7 Rf8 59. Rd8 1-0

[Event "Early-Titled-Tuesday-Blitz-April-16-2024"]
[Site "Chess.com"]
[Date "2024.04.16"]
[Round "3"]
[White "Caradhrast"]
[Black "DenLaz"]
[Result "1/2-1/2"]
[WhiteElo "2659"]
[BlackElo "3106"]
[TimeControl "180+1"]
[EndTime "8:29:35 PDT"]
[Termination "Game drawn - insufficient material"]

1. e4 c5 2. Nf3 e6 3. g3 Nc6 4.
Bg2 Nf6 5. Qe2 e5 6. O-O Be7 7.
c3 O-O 8. Na3 Re8 9. Nc4 Bf8 10.
d3 d5 11. exd5 Nxd5 12. a4 f6 13. a5 Be6 14. Nfd2 Qd7 15. Re1 Rad8 16. Ne4 Nc7 17.
Be3 Qxd3 18. Qxd3 Rxd3 19. Ncd2 Rdd8 20. Red1 Na6 21. Bf1 Ncb8 22. Bc4 Kf7 23. Bxe6+ Kxe6 24. Nc4 Nc6 25. g4 Rxd1+ 26. Rxd1 Rd8 27. Rxd8 Nxd8 28.
Kf1 Kd5 29. Ned2 Nc6 30. Ke2 g6 31. Kd3 f5 32. gxf5 gxf5 33. f3 Nab8 34. Bg5 Nd7 35. Ne3+ Ke6 36. Ndc4 Be7 37. Bxe7 Nxe7 38. b3 Nc6 39.
Ng2 Nf6 40. Nge3 Nd5 41. Nxd5 Kxd5 42. Ne3+ Ke6 43. Nc4 a6 44. Ke3 Ne7 45. Kd3 Nd5 46. Nd2 Nf6 47. Kc4 e4 48. fxe4 Nxe4 49. Nf3 Kd6 50.
h4 h5 51. b4 cxb4 52. cxb4 Nf6 53. b5 Nd7 54. bxa6 bxa6 55. Kd4 Nb8 56. Ke3 Nc6 57.
Kf4 Nxa5 58. Kxf5 Nb3 59. Ne1 a5 60. Kg5 Nd4 61. Nd3 a4 62. Kxh5 a3 63. Nc1 Ne2 64. Na2 Ke5 65. Kg5 Nf4 66. h5 Nxh5 67. Kxh5 Kd5 68.
Kg4 Kc4 69. Kf3 Kb3 70. Nc1+ Kb2 71. Nd3+ Kc3 72. Nc1 Kc2 73. Na2 Kb2 74. Nb4 a2 75. Nxa2 1/2-1/2

[Event "Early-Titled-Tuesday-Blitz-April-16-2024"]
[Site "Chess.com"]
[Date "2024.04.16"]
[Round "3"]
[White "AmanteDeMoi"]
[Black "MaxLeto"]
[Result "1-0"]
[WhiteElo "2602"]
[BlackElo "2415"]
[TimeControl "180+1"]
[EndTime "8:29:35 PDT"]
[Termination "AmanteDeMoi won by checkmate"]

1. Nf3 d5 2. e3 c5 3. b3 Nc6 4.
Bb2 Nf6 5. Bb5 Bd7 6. O-O e6 7.
c4 dxc4 8. bxc4 Bd6 9. d4 O-O 10.
d5 exd5 11. cxd5 Nb8 12. Bxd7 Nbxd7 13. Nc3 a6 14. a4 Nb6 15. e4 Nc4 16. Bc1 Re8 17.
Qe2 Ne5 18. Nd2 c4 19. f4 Nd3 20. Nxc4 Nxc1 21. Raxc1 Bc5+ 22. Kh1 Bd4 23. Qd3 Bxc3 24. Qxc3 Nxe4 25. Qf3 Rc8 26. Rfd1 b5 27. axb5 axb5 28. Ne3 Rxc1 29. Rxc1 b4 30. g4 h6 31. Nf5 Nf6 32. d6 Re4 33. g5 hxg5 34. fxg5 Re6 35.
gxf6 Rxf6 36. Qg4 Kf8 37. Qxg7+ Ke8 38. d7+ Kxd7 39. Rd1+ Ke6 40. Rxd8 Rxf5 41. Qg4 Kf6 42. Rd6+ Ke5 43. Rd5+ Kxd5 44. Qxf5+ Kc4 45. Qxf7+ Kc3 46.
Qg7+ Kc2 47. h4 b3 48. h5 b2 49. Qxb2+ Kd1 50. h6 Ke1 51. h7 Kf1 52. h8=Q Ke1 53. Qg8 Kf1 54. Qg1# 1-0

[Event "Early-Titled-Tuesday-Blitz-April-16-2024"]
[Site "Chess.com"]
[Date "2024.04.16"]
[Round "3"]
[White "albi1999"]
[Black "Sanan_Sjugirov"]
[Result "0-1"]
[WhiteElo "2644"]
[BlackElo "3055"]
[TimeControl "180+1"]
[EndTime "8:29:36 PDT"]
[Termination "Sanan_Sjugirov won by checkmate"]

1. d4 Nf6 2. c4 e6 3. g3 d5 4. Bg2 Bb4+ 5. Bd2 a5 6. a3 Be7 7. Qc2 O-O 8. Nf3 c6 9. O-O Nbd7 10. b3 b5 11. c5 Ne4 12. Bf4 g5 13. Bc1 f5 14. Bb2 Bf6 15. e3 g4 16. Ne1 h5 17.
Nd2 Bg5 18. Nd3 h4 19. Nf4 Qe8 20. f3 Nxd2 21. Qxd2 gxf3 22. Bxf3 hxg3 23. hxg3 Nf6 24. Qh2 Ra7 25. Bc3 Rh7 26. Qe2 Rff7 27. Kg2 Rfg7 28. Rh1 Bxf4 29. exf4 Qg6 30. Qf2 a4 31. bxa4 bxa4 32.
Rxh7 Rxh7 33. Rh1 Rxh1 34. Kxh1 Ba6 35. Qh2 Bd3 36. Kg1 Kg7 37. Qh4 Kf7 38. Be1 Be4 39. Bd1 Qg7 40. Bh5+ Ke7 41. Bd1 Kd7 42. Qg5 Qh8 43. Qh4 Qg7 44. Qg5 Qf7 45. Qh6 Ne8 46. Bh5 Qe7 47. Qg6 Nf6 48. Ba5 Nxh5 49. Qxh5 Qg7 50.
Qg5 Qxd4+ 51. Kh2 Qf2+ 52. Kh3 Qf1+ 53. Kh4 Qh1# 0-1

[Event "Early-Titled-Tuesday-Blitz-April-16-2024"]
[Site "Chess.com"]
[Date "2024.04.16"]
[Round "3"]
[White "kachsona"]
[Black "Flaccidmoves"]
[Result "1-0"]
[WhiteElo "2612"]
[BlackElo "2430"]
[TimeControl "180+1"]
[EndTime "8:29:36 PDT"]
[Termination "kachsona won by resignation"]

1. e4 Nf6 2. e5 Nd5 3. d4 d6 4. Nf3 dxe5 5. Nxe5 c6 6. Be2 Bf5 7. O-O Nd7 8. Nf3 e6 9. c4 N5f6 10. Nc3 Bd6 11. Bd3 Bxd3 12. Qxd3 O-O 13. Bg5 Qc7 14.
Rfe1 a6 15. Rad1 b5 16. c5 Bf4 17. Bxf6 Nxf6 18. g3 Bh6 19. Ne5 Rad8 20. Qf3 Nd5 21. Ne4 g6 22. Nd6 Bg7 23. h4 h5 24. Kh1 Rxd6 25.
cxd6 Qxd6 26. Rc1 Bxe5 27. Rxe5 Rc8 28. g4 hxg4 29. Qxg4 c5 30. h5 Ne7 31. Rexc5 Rd8 32. hxg6 Nxg6 33. Rc8 Rxc8 34. Rxc8+ Kg7 35. Qe4 Ne7 36.
Rc3 Nf5 37. Qe5+ Qxe5 38. dxe5 Kg6 39. Ra3 Nd4 40. Rxa6 Kf5 41. Ra7 Kxe5 42. Rxf7 Ke4 43. Kg2 e5 44. Rd7 Kd3 45. Rd5 e4 46. a3 Kc4 47.
Rxd4+ Kxd4 48. b3 Kc3 49. a4 b4 50. a5 Kxb3 51. a6 Kc2 52. a7 b3 53. a8=Q b2 54. Qxe4+ 1-0

[Event "Early-Titled-Tuesday-Blitz-April-16-2024"]
[Site "Chess.com"]
[Date "2024.04.16"]
[Round "3"]
[White "Burgsvik"]
[Black "MaiqMaster"]
[Result "0-1"]
[WhiteElo "2232"]
[BlackElo "2427"]
[TimeControl "180+1"]
[EndTime "8:29:36 PDT"]
[Termination "MaiqMaster won by resignation"]

1. e4 c5 2. Nf3 e6 3. d4 cxd4 4. Nxd4 Nc6 5. Nc3 Qc7 6. Nb3 a6 7. Bd3 Nf6 8. Bg5 Be7 9. Qd2 h6 10. Be3 Ng4 11. Bf4 Nge5 12. Be2 b5 13. a3 Bb7 14.
Bg3 Qb6 15. a4 b4 16. Nd1 a5 17. Ne3 O-O 18. f4 Ng6 19. h4 Rfd8 20. h5 Nf8 21. f5 d5 22. e5 Ba6 23. fxe6 Nxe6 24. Nf5 Bf8 25. Bf2 d4 26. Bxa6 Qxa6 27. Bg3 d3 28.
O-O-O Qc4 29. Kb1 Rac8 30. Nd6 Bxd6 31. exd6 dxc2+ 32. Qxc2 Qxc2+ 33. Kxc2 Ncd4+ 34. Kb1 Nxb3 35. d7 Rc4 36. Rd5 Nbc5 37. Rhd1 b3 38. Bd6 Nxd7 39. Be7 Nf4 40. Rxd7 Rxd7 41. Rxd7 Re4 42. Bh4 Nxg2 43.
Bf2 Re2 44. Bg3 Ne3 45. Rc7 Nf5 46. Rc8+ Kh7 47. Bf4 Re1+ 48. Bc1 Rh1 49. Rc3 Nd4 50. Rd3 Ne2 51. Rc3 Nxc3+ 52. bxc3 Rxh5 53. Kb2 Rh1 54. Kb1 h5 55. Kb2 Rxc1 56. Kxc1 h4 57. Kb2 h3 58. Kxb3 h2 59. Kc4 h1=Q 60. Kb5 Qb7+ 61. Kxa5 g5 62. c4 g4 63. c5 g3 64. c6 Qxc6 0-1

[Event "Early-Titled-Tuesday-Blitz-April-16-2024"]
[Site "Chess.com"]
[Date "2024.04.16"]
[Round "3"]
[White "tomesao"]
[Black "Iball95"]
[Result "0-1"]
[WhiteElo "2538"]
[BlackElo "2891"]
[TimeControl "180+1"]
[EndTime "8:29:37 PDT"]
[Termination "Iball95 won by checkmate"]

1. Nf3 d5 2. c4 e6 3. e3 Nf6 4. b3 c5 5. Bb2 Nc6 6. cxd5 exd5 7. Bb5 Bd6 8. O-O O-O 9. d4 cxd4 10.
Bxc6 bxc6 11. Qxd4 Re8 12. h3 Bf5 13. Nc3 Qd7 14. Qh4 Ne4 15. Nxe4 Rxe4 16. Qg5 f6 17. Bxf6 h6 18. Qh5 gxf6 19. Nd4 Bh7 20. Qxh6 c5 21. Nf3 Qg7 22. Qh5 f5 23. Ng5 Bg6 24. Qf3 Re5 25. Rad1 Bf7 26. h4 Rd8 27. Rd2 Bc7 28. Rfd1 a5 29. Qe2 f4 30. Qb5 fxe3 31. fxe3 Bh5 32. Rf1 Qe7 33. Qd3 Rxe3 34. Qf5 Re1 35. Rf2 Rxf1+ 36.
Rxf1 d4 37. Ne6 Re8 38. Qxh5 Qxe6 39. Qg5+ Kh8 40. Qh5+ Kg7 41. Qg5+ Qg6 42. Qd5 Re7 43. Qxc5 Qe4 44. Qc4 Qe3+ 45. Kh1 Qe5 46. Kg1 Qh2+ 47. Kf2 Qxh4+ 48. g3 Qxg3# 0-1

[Event "Early-Titled-Tuesday-Blitz-April-16-2024"]
[Site "Chess.com"]
[Date "2024.04.16"]
[Round "3"]
[White "sonicdravise"]
[Black "yonaltimur"]
[Result "0-1"]
[WhiteElo "2591"]
[BlackElo "2444"]
[TimeControl "180+1"]
[EndTime "8:29:38 PDT"]
[Termination "yonaltimur won by resignation"]

1. Nf3 d5 2. e3 c5 3. c4 e6 4. b3 Nf6 5. Bb2 Be7 6. cxd5 exd5 7. Nc3 O-O 8. d4 Nc6 9. Be2 h6 10. dxc5 Bxc5 11. O-O Be6 12. Rc1 Be7 13. Nb5 Rc8 14. Nbd4 Nxd4 15. Qxd4 Qb6 16. Qxb6 axb6 17. Nd4 Rxc1 18.
Rxc1 Rc8 19. Rxc8+ Bxc8 20. f3 Kf8 21. Kf2 Bc5 22.
a3 Ke7 23. b4 Bd6 24. Nb5 Bd7 25. Nxd6 Kxd6 26. b5 Ne8 27. Bd4 Kc7 28. a4 f6 29. g4 Nd6 30. Kg3 Nc4 31. Kf4 Nd2 32.
h4 Nb3 33. Bd3 Nxd4 34. exd4 g5+ 35. Kg3 Kd6 36. f4 Be6 37. fxg5 fxg5 38. h5 Bd7 39. Be2 Be6 40. Kf2 Bd7 41. Ke3 Be6 42. Kd2 Bd7 43. Kc3 Be6 44. Kb4 Kc7 45. a5 bxa5+ 46. Kxa5 b6+ 47.
Ka6 Bc8+ 48. Ka7 Bd7 49. Bf3 Bxb5 50. Bxd5 Be2 51. Be6 b5 52. Ka6 Kd6 53. Bf5 Kd5 54. Kb6 Kxd4 0-1

[Event "Early-Titled-Tuesday-Blitz-April-16-2024"]
[Site "Chess.com"]
[Date "2024.04.16"]
[Round "3"]
[White "2Coaches1Profile"]
[Black "AlexeiShirov"]
[Result "1/2-1/2"]
[WhiteElo "2540"]
[BlackElo "2824"]
[TimeControl "180+1"]
[EndTime "8:29:39 PDT"]
[Termination "Game drawn - insufficient material"]

1. d4 d5 2. Nf3 Nf6 3. Nbd2 e6 4. e3 c5 5. c3 Nc6 6. Bd3 Bd6 7. O-O e5 8. dxc5 Bxc5 9. e4 Be6 10. Qe2 O-O 11. exd5 Bxd5 12. Ne4 Nxe4 13. Bxe4 f5 14. Bxd5+ Qxd5 15. Rd1 Qe6 16. Nd4 Bxd4 17. cxd4 Rfd8 18. dxe5 Nd4 19.
Qf1 Rd5 20. Be3 Rad8 21. Bxd4 Rxd4 22. Rxd4 Rxd4 23. Rd1 Qxe5 24. Rxd4 Qxd4 25. Qe2 h6 26. g3 Kh7 27. Qc2 Qe4 28. Qxe4 fxe4 29. Kf1 Kg6 30.
Ke2 Kf5 31. Ke3 Ke5 32. h4 h5 33. a3 a6 34. b3 b6 35. f3 exf3 36. Kxf3 Kf5 37. Ke3 Kg4 38. Kf2 b5 39. a4 b4 40.
Kg2 Kf5 41. Kf3 Ke5 42. Ke3 Kf5 43. Kf3 g6 44. Ke3 Kg4 45. Kf2 g5 46. hxg5 Kxg5 47. Kf3 Kf5 48. Ke3 Kg4 49. Kf2 a5 50. Kg2 h4 51. gxh4 Kxh4 52. Kf3 Kg5 53. Ke4 Kg4 54. Ke3 Kf5 55. Kd4 Kf4 56. Kc5 Ke4 57. Kb5 Kd4 58. Kxa5 Kc3 59. Kb5 Kxb3 60. a5 Kc3 61. a6 b3 62. a7 b2 63. a8=Q b1=Q+ 64. Ka6 Qa2+ 65. Kb7 Qxa8+ 66. Kxa8 1/2-1/2

[Event "Early-Titled-Tuesday-Blitz-April-16-2024"]
[Site "Chess.com"]
[Date "2024.04.16"]
[Round "3"]
[White "Alexei_Gubajdullin"]
[Black "dropstoneDP"]
[Result "0-1"]
[WhiteElo "2633"]
[BlackElo "3066"]
[TimeControl "180+1"]
[EndTime "8:29:42 PDT"]
[Termination "dropstoneDP won by resignation"]

1. Nf3 d5 2. g3 g6 3. Bg2 Bg7 4.
O-O Nf6 5. d3 O-O 6. Nc3 Nc6 7.
Bf4 d4 8. Nb5 Nd5 9. Bd2 a6 10.
Na3 b5 11. Qc1 Bb7 12. Bh6 Qd6 13. Bxg7 Kxg7 14. c4 dxc3 15. bxc3 Qf6 16. c4 Nc3 17. Re1 b4 18. Nc2 a5 19. Nd2 Rab8 20. Ne4 Nxe4 21. Bxe4 Qc3 22. Ne3 Qxc1 23. Raxc1 Nd4 24. Bxb7 Rxb7 25.
Nc2 e5 26. Nxd4 exd4 27. Rb1 Rd8 28. a4 c5 29. Rb3 Re7 30. f3 Re3 31. Kf2 f5 32.
Rd1 Rde8 33. Rd2 g5 34. h3 h5 35. h4 gxh4 36. gxh4 Kf6 37. Rb1 Rg8 38. Rg1 Rxg1 39.
Kxg1 Re7 40. Kf2 Ke5 41. Rb2 Kf4 42. Rb1 Rb7 43. Rb3 Rb8 44. Rb1 b3 45. Rb2 Rb7 46. Kg2 Ke3 47. Kf1 Rb4 48. Kg2 Rxa4 49. Rxb3 Rb4 50.
Ra3 a4 51. Ra2 f4 52. Kf1 Rb1+ 53. Kg2 Re1 54. Rxa4 Rxe2+ 55. Kh3 Kxf3 56. Ra5 Re5 57. Ra1 Ke2 58. Ra2+ Kxd3 59. Rf2 Kxc4 60. Rxf4 Kd5 61.
Rf6 c4 62. Rf8 c3 63. Rd8+ Ke4 64. Rc8 Kd3 65. Rc7 c2 66. Rg7 c1=Q 67. Rg3+ Re3 68.
Kh2 Qd2+ 0-1

[Event "Early-Titled-Tuesday-Blitz-April-16-2024"]
[Site "Chess.com"]
[Date "2024.04.16"]
[Round "3"]
[White "Masterbeaterr"]
[Black "SashaKuzhilniy"]
[Result "1/2-1/2"]
[WhiteElo "2481"]
[BlackElo "2638"]
[TimeControl "180+1"]
[EndTime "8:29:42 PDT"]
[Termination "Game drawn by repetition"]

1. d4 d5 2. c4 e6 3. Nc3 Be7 4. cxd5 exd5 5. Bf4 c6 6. e3 Bf5 7. g4 Be6 8. h3 Nd7 9. Bg2 h5 10. gxh5 Ndf6 11. Bf3 Bd6 12. Nge2 Ne7 13. Bxd6 Qxd6 14. Nf4 Nf5 15. Rg1 O-O-O 16. Qa4 Kb8 17. O-O-O Bc8 18. Bg4 Rh7 19. Qc2 Nh4 20. Rg3 Rdh8 21. Rdg1 Bd7 22. Bxd7 Qxd7 23. Rxg7 Rxg7 24. Rxg7 Nxh5 25.
Nxh5 Rxh5 26. Rg8+ Kc7 27. Qa4 Qxh3 28. Qa5+ Kd7 29. Qxa7 Qf1+ 30. Nd1 Qa6 31. Qb8 Ng6 32. Qc8+ Ke7 33. Qe8+ Kf6 34. Qd8+ Kf5 35. Qd7+ Kf6 36.
Qd8+ Kf5 37. Qd7+ Kf6 38. e4 dxe4 39. Qd6+ Kg5 40. Qg3+ Kh6 41. Qe3+ Kh7 42. Re8 Qc4+ 43. Kb1 Rh1 44. Qd2 Qd3+ 45. Qxd3 exd3 46. Kc1 Nf4 47.
Kd2 Kg6 48. Rb8 b5 49. Rc8 Kf5 50. Rxc6 Ke4 51. Rf6 Nd5 52. Rxf7 Kxd4 53. Rd7 Kc5 54. Ne3 Nf4 55. Rf7 Rh4 56. Rf5+ Kc6 57. Rf6+ Kc5 58. Rf5+ Kc6 59. Rf6+ Kc5 60. Rf5+ 1/2-1/2

[Event "Early-Titled-Tuesday-Blitz-April-16-2024"]
[Site "Chess.com"]
[Date "2024.04.16"]
[Round "3"]
[White "atalz0"]
[Black "sathvikadiga"]
[Result "1-0"]
[WhiteElo "2437"]
[BlackElo "2587"]
[TimeControl "180+1"]
[EndTime "8:29:45 PDT"]
[Termination "atalz0 won by checkmate"]

1. d4 Nf6 2. c4 g6 3. f3 d6 4. e4 Bg7 5. Be3 O-O 6. Nc3 Nc6 7.
Qd2 a6 8. O-O-O Rb8 9. h4 e5 10. d5 Ne7 11. h5 b5 12. h6 Bh8 13. g4 Nd7 14. cxb5 axb5 15. Bxb5 Nc5 16. Nge2 Bd7 17. Bc4 Qc8 18. Bxc5 dxc5 19. d6 cxd6 20. Qxd6 Be6 21.
Ba6 Qe8 22. Rd2 Nc6 23. Bb5 Rxb5 24. Nxb5 Nd4 25. Nc7 Qa4 26. Nxd4 cxd4 27. Nxe6 Rc8+ 28. Kb1 Ra8 29. a3 Qa5 30. Rc2 fxe6 31. Qxe6+ Kf8 32.
Rhc1 Re8 33. Rc8 Qb5 34. Rxe8+ Qxe8 35. Qxe8+ Kxe8 36. Rc8+ Kf7 37. Rxh8 Kf6 38. Rxh7 Kg5 39. Rh8 d3 40. Kc1 d2+ 41. Kxd2 Kf6 42. Rg8 Kg5 43. h7 Kf4 44. h8=Q Kg3 45. Qxe5+ Kh3 46. Rh8+ Kg2 47. Qh2+ Kf1 48. Qh1+ Kf2 49. Rh2+ Kg3 50. Qg2+ Kf4 51. g5 Ke5 52. Qg3+ Kd4 53. Qd6+ Kc4 54. Ke3 Kb3 55. Qd3+ Ka4 56. Rc2 Ka5 57. Rc4 Kb6 58.
Qb3+ Ka6 59. Ra4# 1-0

[Event "Early-Titled-Tuesday-Blitz-April-16-2024"]
[Site "Chess.com"]
[Date "2024.04.16"]
[Round "3"]
[White "Likvidator228"]
[Black "Itay121"]
[Result "1-0"]
[WhiteElo "2549"]
[BlackElo "2543"]
[TimeControl "180+1"]
[EndTime "8:29:46 PDT"]
[Termination "Likvidator228 won by checkmate"]

1. d4 Nf6 2. Nc3 d5 3. Bf4 c5 4. e3 cxd4 5. exd4 Bg4 6. Be2 Bxe2 7. Ngxe2 e6 8. Nb5 Na6 9. a4 Be7 10. O-O O-O 11. h3 Ne8 12. Nc1 Nac7 13. Nxc7 Nxc7 14. Nd3 Bd6 15. Qf3 Bxf4 16. Qxf4 Ne8 17. c3 Qd6 18. Qg4 Nf6 19. Qe2 Ne4 20. Rfe1 Rae8 21. f3 Ng3 22. Qe5 Qxe5 23. Rxe5 f6 24.
Ree1 Kf7 25. Kf2 Nf5 26. g4 Nd6 27. h4 Nc4 28. h5 e5 29. b3 Nd2 30. dxe5 Nxb3 31.
Rab1 Na5 32. Rb5 b6 33. Rxd5 Rd8 34. e6+ Ke7 35. Nb4 Rxd5 36. Nxd5+ Kd6 37. Nf4 Nc6 38. Rd1+ Kc5 39. Rd7 g5 40. hxg6 hxg6 41. Nxg6 Re8 42. Nf4 a5 43. Ke3 Ne5 44. Rc7+ Kd6 45. Rb7 Kc6 46. Rh7 Nc4+ 47. Kd4 Ne5 48. Ke4 Nc4 49. Kf5 Nd6+ 50. Kxf6 Rf8+ 51. Rf7 Re8 52. g5 b5 53.
axb5+ Kxb5 54. g6 a4 55. Ra7 Rf8+ 56. Kg5 Rg8 57. Nd5 Nc4 58. Nf6 Rh8 59. g7 Rh1 60.
g8=Q Rg1+ 61. Ng4 Nb6 62. Qe8+ Kc5 63. Rc7+ Kd5 64. Qc6# 1-0